 Dungeon Crawl Stone Soup version 0.24.0-123-gd5b16e6ec5 (webtiles) character file.

Game seed: 17714329560369017987, levelgen mode: deterministic

282 FishyPogo the Skirmisher (level 6, -5/48 HPs)
             Began as a Demonspawn Chaos Knight on Jan 24, 2020.
             Was a Plaything of Xom.
             Slain by Natasha the redback (shapeshifter) (14 damage)
             ... on level 2 of the Dungeon.
             The game lasted 00:04:00 (1803 turns).

FishyPogo the Skirmisher (Demonspawn Chaos Knight)  Turns: 1803, Time: 00:04:01

Health: -5/48      AC:  6    Str: 15    XL:     6   Next: 6%
Magic:  6/6        EV: 11    Int: 13    God:    Xom [.*....]
Gold:   108        SH:  0    Dex: 12    Spells: 5/5 levels left

rFire    . . .     SeeInvis .   a - +0 short sword (chaos)
rCold    . . .     Gourm    .   (no shield)
rNeg     . . .     Faith    .   l - +1 ring mail {rPois}
rPois    +         Spirit   .   (no helmet)
rElec    .         Reflect  .   (no cloak)
rCorr    .         Harm     .   (no gloves)
MR       .....                  (no boots)
Stlth    +.........             (no amulet)
HPRegen  0.16/turn              (no ring)
MPRegen  0.10/turn              (no ring)

@: no status effects
A: claws 1, foul stench 1, rot immunity, sturdy frame 2
a: Renounce Religion


You were on level 2 of the Dungeon.
You worshipped Xom.
You were a plaything of Xom.
You were not hungry.

You visited 1 branch of the dungeon, and saw 2 of its levels.

You collected 108 gold pieces.

Inventory:

Hand Weapons
 a - a +0 short sword of chaos (weapon)
Missiles
 j - 119 stones (quivered)
Armour
 l - a +1 ring mail of poison resistance (worn)
Wands
 n - a wand of random effects (13)
Scrolls
 b - a scroll of fog {unknown}
 d - 2 scrolls of amnesia {unknown}
 f - a scroll of blinking {unknown}
 g - a scroll of identify {unknown}
 i - a scroll of enchant armour {unknown}
 q - a scroll of remove curse {unknown}
Potions
 e - 2 potions of resistance {unknown}
 h - a potion of degeneration {unknown}
 k - 2 potions of invisibility {unknown}
 m - a potion of might {unknown}
 p - a potion of lignification {unknown}
 r - a potion of heal wounds {unknown}
Comestibles
 c - 2 rations
 o - 5 chunks of flesh


   Skills:
 + Level 4.2 Fighting
 + Level 3.9 Short Blades
 * Level 4.2 Armour
 - Level 1.0 Dodging


You had 5 spell levels left.
You didn't know any spells.
Your spell library was empty.

Dungeon Overview and Level Annotations

Branches:
Dungeon (2/15)

Altars:
Makhleb
Ru

Annotations:
D:2 Natasha


Innate Abilities, Weirdness & Mutations

You have sharp fingernails.
You may emit foul miasma when damaged in melee.
You are immune to rotting.
Your movements are less encumbered by armour. (ER -4)


Message History

Natasha looks more healthy.
Natasha closely misses you.
You hit Natasha but do no damage.
Natasha is moderately wounded.
You hit Natasha but do no damage.
Natasha is moderately wounded.
Natasha closely misses you.
You hit Natasha but do no damage.
Natasha is moderately wounded.
Natasha the yaktaur changes into a redback!
You hit Natasha but do no damage. Natasha bites you.
You hit Natasha but do no damage. Lightning courses through Natasha!
Natasha is heavily wounded.
Natasha bites you!
* * * LOW HITPOINT WARNING * * *
Natasha looks sick.
You closely miss Natasha.
Natasha is heavily wounded.
Natasha bites you!
You die...
Xom thinks this is hilarious!

##.#...........#.##.######......#
...............#.##.............#
...#.........#.#.##.####........#
..........................#.#.#..
..########...........###..#.#.#..
.......#...#..b#b#######..#.#.#.#
..........................#.#.#.#
.......#...##.##s###.....##.#.#.#
.......######.#.@b.b........#.#.#
.......# ####.#..........####.#.#
.......###....#..b.b.............
..≈.≈.........##'######..........
.≈.≈.≈........#..................
##...#......#.#..................
##.≈.#......#.#..........##......
##...#......#.##.###.....##......
##.≈.########.##.# ####..##......


You could see Natasha the redback shaped shifter.

Vanquished Creatures
  Sigmund (D:2)
  Terence (D:2)
  Natasha (twice) (D:2)
  4 dart slugs
  2 ball pythons
  5 giant cockroaches
  7 goblins
  6 hobgoblins
  5 bats
  2 frilled lizards (D:1)
  3 kobolds
  7 rats
45 creatures vanquished.

Vanquished Creatures (others)
  A worm (D:2)
1 creature vanquished.

Grand Total: 46 creatures vanquished

Notes
Turn   | Place    | Note
-------+----------+-------------------------------------------
     0 | D:1      | FishyPogo the Demonspawn Chaos Knight began the quest for
                  | the Orb.
     0 | D:1      | Reached XP level 1. HP: 18/18 MP: 1/1
   207 | D:1      | Gained mutation: Your movements are slightly less
                  | encumbered by armour. (ER -2) [demonic ancestry]
   207 | D:1      | Reached XP level 2. HP: 20/24 MP: 2/2
   224 | D:1      | Reached skill level 1 in Dodging
   322 | D:1      | XOM: divination: detect creatures
   777 | D:1      | Gained mutation: Your movements are less encumbered by
                  | armour. (ER -4) [demonic ancestry]
   777 | D:1      | Reached XP level 3. HP: 21/29 MP: 3/3
   932 | D:2      | Noticed Sigmund
   944 | D:2      | Killed Sigmund
   944 | D:2      | Gained mutation: You have sharp fingernails. [demonic
                  | ancestry]
   944 | D:2      | Reached XP level 4. HP: 24/37 MP: 4/4
   944 | D:2      | Gained mutation: You are immune to rotting. [demonic
                  | ancestry]
   944 | D:2      | Reached XP level 5. HP: 28/42 MP: 5/5
  1043 | D:2      | Found a burning altar of Makhleb.
  1105 | D:2      | Noticed Terence
  1109 | D:2      | Noticed Natasha
  1114 | D:2      | XOM: cast spell 'Summon Butterflies'
  1141 | D:2      | Killed Terence
  1153 | D:2      | Killed Natasha
  1161 | D:2      | XOM: mild Tmut miscast
  1200 | D:2      | XOM: silly message
  1294 | D:2      | XOM: divination: detect creatures
  1552 | D:2      | Found a sacrificial altar of Ru.
  1604 | D:2      | Noticed Natasha
  1612 | D:2      | Killed Natasha
  1612 | D:2      | Gained mutation: You may emit foul miasma when damaged in
                  | melee. [demonic ancestry]
  1612 | D:2      | Reached XP level 6. HP: 42/48 MP: 6/6
  1787 | D:2      | XOM: noise
  1787 | D:2      | Noticed Natasha
  1790 | D:2      | Noticed Natasha
  1790 | D:2      | Natasha changed into Natasha the shapeshifter
  1790 | D:2      | Noticed Natasha
  1790 | D:2      | Natasha the shapeshifter changed into Natasha the yaktaur
  1793 | D:2      | XOM: butterfly on damage
  1800 | D:2      | Noticed Natasha
  1800 | D:2      | Natasha the yaktaur changed into Natasha the redback
  1803 | D:2      | Slain by Natasha the redback (shapeshifter)

Levels and vault maps discovered:
D:1:      psy_arrival_dodecagon, layout_loops_corners, minmay_domino_2
D:2:      layout_basic, nicolae_ru_path_of_blood, bloody_makhleb, uniq_sigmund,
          uniq_natasha, uniq_terence

Skill      XL: |  1  2  3  4  5 |
---------------+----------------+-----
Armour         | 2 3 4 |  4.2
Dodging        | 1 |  1.0
Short Blades   | 3 |  3.9
Fighting       | 4 |  4.2

Action                   |  1- 3 |  4- 6 || total
-------------------------+-------+-------++-------
Melee: Short sword       |    99 |    91 ||   190
 Stab: Petrifying        |     2 |       ||     2
       Paralysed         |       |     2 ||     2
  Eat: Chunk             |       |     3 ||     3
Armor: Leather armour    |    22 |       ||    22
       Ring mail         |    12 |    23 ||    35
Dodge: Dodged            |    54 |    39 ||    93
